 Dungeon Sprint DCSS version 0.22.1-2-g9c5b331 (webtiles) character file.

3000000 diana the Axe Maniac (level 21, -1/142 HPs)
             Began as a Vine Stalker Gladiator on Dec 16, 2018.
             Was the Champion of Makhleb.
             Slain by a meat berserker
             ... wielding a +9 battleaxe
              (51 damage)
             ... in the Dungeon (Sprint VIII: "Arena of Blood").
             The game lasted 00:01:54 (30 turns).

diana the Axe Maniac (Vine Stalker Gladiator)         Turns: 30, Time: 00:01:55

Health: -1/142     AC:  8    Str: 23    XL:     21   Next: 68%
Magic:  0/39       EV: 34    Int:  8    God:    Makhleb [******]
Gold:   0          SH:  0    Dex: 20    Spells: 20/20 levels left

rFire    . . .     SeeInvis .   l - +∞ Axe of Woe
rCold    . . .     Gourm    .   (shield currently unavailable)
rNeg     . . .     Faith    .   b - +0 leather armour
rPois    .         Spirit   +   c - +0 helmet
rElec    .         Reflect  .   (no cloak)
rCorr    .         Harm     .   (no gloves)
MR       ++...     NoTele   +   (no boots)
Stlth    ++........             (no amulet)
HPRegen  1.13/turn              (no ring)
MPRegen  0.26/turn              (no ring)

@: no status effects
A: fangs 3, regeneration 2, magic shield, antimagic bite, no potion heal 3, rot
immunity
a: Minor Destruction, Lesser Servant of Makhleb, Major Destruction, Greater
Servant of Makhleb, Renounce Religion


You were in the Dungeon.
You worshipped Makhleb.
Makhleb was exalted by your worship.
You were not hungry.

You visited 1 branch

Inventory:

Hand Weapons
 a - a +0 war axe
 l - the +∞ Axe of Woe (weapon)
   (You found it in the Dungeon)
Missiles
 d - 3 throwing nets (quivered)
Armour
 b - a +0 leather armour (worn)
 c - a +0 helmet (worn)
Scrolls
 k - a scroll of blinking
Potions
 e - a potion of curing
 g - a potion of heal wounds
 h - a potion of haste
 i - 2 potions of magic
 j - a potion of berserk rage
Comestibles
 f - a ration


   Skills:
 O Level 27 Fighting
 O Level 27 Axes
 + Level 26.2 Throwing
 O Level 27 Armour
 O Level 27 Dodging
 O Level 27 Invocations


You had 20 spell levels left.
You didn't know any spells.
Your spell library was empty.

Dungeon Overview and Level Annotations

Branches:
Dungeon (1/1)

Altars:
Makhleb


Innate Abilities, Weirdness & Mutations

You have razor-sharp teeth.
You heal very quickly.
When hurt, damage is shared between your health and your magic reserves.
Your bite disrupts and absorbs the magic of your enemies.
Potions cannot restore your health.
You are immune to rotting.


Message History

Unknown command.
Unknown command. 5 orcs and an ogre come into view.
The bag of meat shouts!
The meat berserker shouts!
The bag of meat shouts! x3
You hear a shout! x6
The meat berserker rages.
The meat berserker is engulfed in blazing flames.
A meat berserker comes into view. It is wielding a +9 battleaxe.
The bag of meat is engulfed in blazing flames.
You hear a shout!
The eight-headed meat hydra appears out of thin air!
An eight-headed meat hydra comes into view.
A bag of meat comes into view. It is wielding a +9 war axe. x2
The bag of meat is engulfed in blazing flames.
The bag of meat completely misses you.
A bag of meat comes into view. It is wielding a +9 war axe.
The meat berserker hits you with a +9 battleaxe!!!!
Ouch! That really hurt!
The meat berserker hits you with a +9 battleaxe!!!
You die...

...................
o#.o..D.............
..#....o.. #.......#
ooo.o#.... #.......#
.O#...ooo###.......###.
ooV.Ooo§o§.)).###......
......#ooo))))._.....
....#..§§§).#))...#.
#....O@O.O.#_.<._# .
....#.o.o.O.#.....#....
......#o....V.._.......
.O....oo......###......
..OO.....###.... ..###.
.oo....... #.......#
Oo.o...... #..... .#
..#..O.......... .o
.... ..


You could see an eight-headed meat hydra (wandering), 2 destroyers, 3 large bags
of meat, 8 meat berserkers and 27 bags of meat.

Vanquished Creatures
  5 ogres (D)
  A two-headed ogre (D)
  18 orcs (D)
24 creatures vanquished.

Notes
Turn   | Place    | Note
-------+----------+-------------------------------------------
     0 | D        | Found the +∞ Axe of Woe
     0 | D        | diana the Vine Stalker Gladiator began the quest for the
                  | Orb.
     0 | D        | Reached XP level 1. HP: 11/11 MP: 2/2
     2 | D        | Noticed a bag of meat
     4 | D        | Became a worshipper of Makhleb the Destroyer
     5 | D        | Noticed a meat berserker
     6 | D        | Noticed a bag of meat
     6 | D        | Noticed a bag of meat
     7 | D        | Noticed a bag of meat
     7 | D        | Noticed a bag of meat
     8 | D        | Noticed a bag of meat
     8 | D        | Noticed a bag of meat
     9 | D        | Killed a meat berserker
     9 | D        | Reached XP level 2. HP: 28/28 MP: 2/11
     9 | D        | Reached XP level 3. HP: 32/32 MP: 2/12
     9 | D        | Gained mutation: Your natural rate of healing is unusually
                  | fast. [Vine Stalker growth]
     9 | D        | Reached XP level 4. HP: 37/37 MP: 2/14
     9 | D        | Reached XP level 5. HP: 41/41 MP: 2/15
     9 | D        | Reached XP level 6. HP: 46/46 MP: 2/17
     9 | D        | Reached XP level 7. HP: 50/50 MP: 2/18
     9 | D        | Gained mutation: You have razor-sharp teeth. [Vine Stalker
                  | growth]
     9 | D        | Reached XP level 8. HP: 55/55 MP: 2/19
     9 | D        | Reached XP level 9. HP: 59/59 MP: 2/20
     9 | D        | Reached XP level 10. HP: 64/64 MP: 2/21
     9 | D        | Reached XP level 11. HP: 68/68 MP: 2/22
     9 | D        | Gained mutation: You heal very quickly. [Vine Stalker
                  | growth]
     9 | D        | Reached XP level 12. HP: 73/73 MP: 2/23
     9 | D        | Reached XP level 13. HP: 77/77 MP: 2/24
     9 | D        | Noticed a bag of meat
     9 | D        | Noticed a bag of meat
    11 | D        | Killed a bag of meat
    11 | D        | Reached * piety under Makhleb
    11 | D        | Reached skill level 15 in Invocations
    11 | D        | Reached XP level 14. HP: 84/84 MP: 2/26
    11 | D        | Noticed a meat berserker
    11 | D        | Noticed a bag of meat
    12 | D        | Killed a bag of meat
    12 | D        | Reached skill level 15 in Fighting
    12 | D        | Killed a bag of meat
    12 | D        | Reached XP level 15. HP: 91/91 MP: 2/28
    13 | D        | Reached ** piety under Makhleb
    13 | D        | Reached skill level 15 in Armour
    13 | D        | Reached skill level 15 in Dodging
    13 | D        | Reached XP level 16. HP: 98/98 MP: 2/30
    15 | D        | Reached *** piety under Makhleb
    17 | D        | Killed a meat berserker
    17 | D        | Reached XP level 17. HP: 107/107 MP: 2/32
    17 | D        | Noticed a meat berserker
    18 | D        | Noticed a large bag of meat
    20 | D        | Reached **** piety under Makhleb
    20 | D        | Reached skill level 27 in Axes
    20 | D        | Reached XP level 18. HP: 114/114 MP: 3/34
    20 | D        | Noticed a meat berserker
    22 | D        | Reached XP level 19. HP: 124/124 MP: 3/36
    23 | D        | Noticed a meat berserker
    23 | D        | Noticed a meat berserker
    23 | D        | Noticed a destroyer
    24 | D        | Killed a meat berserker
    24 | D        | Reached ***** piety under Makhleb
    24 | D        | Reached skill level 27 in Invocations
    25 | D        | Noticed a large bag of meat
    26 | D        | Reached XP level 20. HP: 136/136 MP: 4/38
    26 | D        | Noticed a meat berserker
    27 | D        | Noticed a destroyer
    27 | D        | Noticed a large bag of meat
    28 | D        | Noticed a meat berserker
    28 | D        | Killed a meat berserker
    28 | D        | Reached skill level 27 in Fighting
    28 | D        | Killed a large bag of meat
    28 | D        | Reached skill level 27 in Armour
    28 | D        | Reached skill level 27 in Dodging
    28 | D        | Reached skill level 15 in Throwing
    28 | D        | Noticed a meat berserker
    29 | D        | Killed a meat berserker
    29 | D        | Reached XP level 21. HP: 142/142 MP: 4/39
    29 | D        | Reached ****** piety under Makhleb
    29 | D        | Noticed a meat berserker
    29 | D        | Noticed a meat berserker
    30 | D        | Noticed a meat berserker
    30 | D        | Noticed a meat berserker
    30 | D        | Noticed an eight-headed meat hydra
    30 | D        | Slain by a meat berserker

Skill      XL: |  1  2  3  4  5  6  7  8  9 10 11 12 13 14 15 16 17 18 19 20 21 |
---------------+----------------------------------------------------------------+-----
Fighting       | 13 14 15 17 19 20 23 26 27 | 27.0
Axes           | 17 19 21 23 26 27 | 27.0
Armour         | 12 13 14 16 18 19 21 24 27 | 27.0
Dodging        | 12 13 14 16 18 19 22 24 27 | 27.0
Invocations    | 14 15 17 18 21 22 25 27 | 27.0
Throwing       | 22 26 | 26.2

Action                   |  1- 3 |  4- 6 |  7- 9 | 10-12 | 13-15 | 16-18 | 19-21 || total
-------------------------+-------+-------+-------+-------+-------+-------+-------++-------
Melee: Executioner's axe |     1 |       |       |       |     3 |     7 |     4 ||    15
Dodge: Dodged            |       |       |       |       |       |       |     1 ||     1
